 Dungeon Crawl Stone Soup version 0.31-a0-1291-g5386780bc2 (webtiles) character file.

Game seed: 16818243224784854658

606 AuftragZ the Gusty (level 7, 0/55 HPs)
             Began as a Naga Air Elementalist on Dec 18, 2023.
             Slain by a sleepcap (4 damage)
             ... on level 4 of the Dungeon.
             The game lasted 00:14:48 (3685 turns).

AuftragZ the Gusty (Naga Air Elementalist)          Turns: 3685, Time: 00:14:50

Health: 0/55       AC:  3    Str: 14    XL:     7   Next: 42%
Magic:  7/12       EV: 10    Int: 16    God:
Gold:   1          SH:  0    Dex: 13    Spells: 6/13 levels left

rFire   + . .        d - +1 short sword (venom)
rCold   . . .        (no shield)
rNeg    . . .        a - +0 robe
rPois   +            (helmet restricted)
rElec   .            (no cloak)
rCorr   .            (no gloves)
SInv    +            (no barding)
Will    .....        b - amulet of magic regeneration
Stlth   +++          e - ring of protection from fire
HPRegen 0.29/turn    (no ring)
MPRegen 0.53/turn

%: no passive effects
@: very slow
A: AC +2, large, see invisible, deformed body, poison resistance, slowness 2,
spit poison 1, naga tail 1, horns 1, thin skeletal structure 1, strong 1, wild
magic 1
a: Spit Poison


You were on level 4 of the Dungeon.
You visited 1 branch of the dungeon, and saw 4 of its levels.

You collected 169 gold pieces.
You spent 168 gold pieces at shops.

Inventory:

Hand Weapons
 d - a +1 short sword of venom (weapon)
Armour
 a - a +0 robe (worn)
Jewellery
 b - an amulet of magic regeneration (around neck)
 e - a ring of protection from fire (left hand)
 g - a +6 ring of intelligence
 i - a ring of flight
Wands
 j - a wand of digging (4)
Scrolls
 c - 4 scrolls of identify
 f - a scroll of silence
Potions
 h - a potion of might {unknown}


   Skills:
 - Level 0.1 Fighting
 - Level 1.6 Dodging
 + Level 3.7 Stealth
 - Level 0.3 Unarmed Combat
 + Level 3.9 Spellcasting
 * Level 4.3 Conjurations
 * Level 5.7 Air Magic


You had 6 spell levels left.
You knew the following spells:

 Your Spells              Type           Power      Damage    Failure   Level
a - Shock                 Conj/Air       100%       1d9       4%          1
b - Static Discharge      Conj/Air       50%        3-6/arc   5%          2
c - Swiftness             Air            27%        N/A       8%          3
d - Apportation           Tloc           8%         N/A       24%         1

Your spell library contained the following spells:

 Spells                   Type           Power      Damage    Failure   Level
 Airstrike                Air            13%        2d(2-18)  22%         4
 Jinxbite                 Hex            8%         N/A       34%         2
 Summon Ice Beast         Ice/Summ       4%         N/A       90%         4
 Alistair's Intoxication  Tmut/Pois      2%         N/A       99%         5
 Summon Mana Viper        Hex/Summ       4%         N/A       99%         5
 Monstrous Menagerie      Summ           2%         N/A       100%        7


Dungeon Overview and Level Annotations

Branches:
Dungeon (4/15)
 Temple: D:4-7

Altars:
Makhleb
Uskayaw
Yredelemnul

Shops:
D:4 *?


Innate Abilities, Weirdness & Mutations

Your serpentine skin is tough. (AC +2)
You have supernaturally acute eyesight. (SInv)
Armour fits poorly on your strangely shaped body.
Your system is resistant to poisons. (rPois)
You cover ground very slowly.
You can spit poison.
You have a snake-like lower body.
You have a pair of small horns on your head.
You have a somewhat thin skeletal structure. (Dex +2, Stealth+)
Your muscles are strong. (Str +4, Int/Dex -1)
Your spells are a little harder to cast, but a little more powerful.


Message History

You fall asleep.
The sleepcap releases spores at you!
You wake up.
* * * LOW HITPOINT WARNING * * *
Okay, then.
Okay, then.
Casting: Static Discharge (safe; 5% risk of failure)
Confirm with . or Enter, or press ? or * to list all spells.
Aiming: Shock (safe; 4% risk of failure)
Press: ? - help, Shift-Dir - straight line, f/p - sleepcap
Aim: a sleepcap (heavily damaged, 100% to hit)
The zap hits the sleepcap!
The sleepcap is severely damaged.
The sleepcap closely misses you.
Casting: Shock (safe; 4% risk of failure)
Confirm with . or Enter, or press ? or * to list all spells.
Aiming: Shock (safe; 4% risk of failure)
Press: ? - help, Shift-Dir - straight line, f/p - sleepcap
Aim: a sleepcap (severely damaged, 100% to hit)
The zap hits the sleepcap.
The sleepcap is severely damaged.
The sleepcap releases spores at you.
* * * LOW HITPOINT WARNING * * *
Casting: Shock (safe; 4% risk of failure)
Confirm with . or Enter, or press ? or * to list all spells.
Aiming: Shock (safe; 4% risk of failure)
Press: ? - help, Shift-Dir - straight line, f/p - sleepcap
Aim: a sleepcap (severely damaged, 100% to hit)
The zap hits the sleepcap.
The sleepcap is almost destroyed.
The sleepcap releases spores at you!
* * * LOW HITPOINT WARNING * * *
Casting: Shock (safe; 4% risk of failure)
Confirm with . or Enter, or press ? or * to list all spells.
Aiming: Shock (safe; 4% risk of failure)
Press: ? - help, Shift-Dir - straight line, f/p - sleepcap
Aim: a sleepcap (almost destroyed, 100% to hit)
The zap hits the sleepcap.
The sleepcap is almost destroyed.
The sleepcap releases spores at you.
You die...

......................
....##.................
..................#.#...
.....#..........#.......
........##......##.#....
.......#.....∩.###......
.......#....####.......#
......#..#### #.###..##
#....f@.# #. ......
.....#).## #......
.....).## ...... ....###
..... ... .. #


You could see a sleepcap.

Vanquished Creatures
  Sigmund (D:3)
  Pargi (D:3)
  The ghost of melvinkitnick the Digger, an amateur HuEE (D:3)
  A howler monkey (D:4)
  Natasha (twice) (D:3)
  An iguana (D:4)
  A hound zombie (D:3)
  4 adders
  4 gnolls (D:4)
  An adder zombie (D:3)
  A worm (D:3)
  A dart slug (D:3)
  5 orcs (D:3)
  4 ball pythons
  9 endoplasms
  2 giant cockroaches (D:4)
  5 goblins
  6 hobgoblins
  4 jackals (D:3)
  3 quokkas
  4 bats (D:3)
  2 frilled lizards (D:3)
  A giant cockroach zombie (D:3)
  9 kobolds
  A quokka zombie (D:3)
  8 rats
82 creatures vanquished.

Notes
Turn   | Place    | Note
-------+----------+-------------------------------------------
     0 | D:1      | AuftragZ the Naga Air Elementalist began the quest for the
                  | Orb.
     0 | D:1      | Reached XP level 1. HP: 15/15 MP: 3/3
   219 | D:1      | Reached XP level 2. HP: 12/22 MP: 0/5
   430 | D:1      | Learned a level 2 spell: Static Discharge
   922 | D:2      | Reached XP level 3. HP: 28/28 MP: 4/6
  1711 | D:2      | Learned a level 3 spell: Swiftness
  2031 | D:3      | Found a runed translucent gate.
  2032 | D:3      | Found a runed translucent gate.
  2032 | D:3      | Found a runed translucent gate.
  2033 | D:3      | Noticed Sigmund
  2034 | D:3      | Noticed melvinkitnick's ghost (amateur HuEE)
  2046 | D:3      | Killed Sigmund
  2047 | D:3      | Reached skill level 4 in Air Magic
  2047 | D:3      | Reached XP level 4. HP: 5/36 MP: 4/8
  2047 | D:3      | Reached XP level 5. HP: 6/42 MP: 4/9
  2318 | D:3      | Learned a level 1 spell: Apportation
  2412 | D:3      | Noticed Natasha
  2414 | D:3      | Killed Natasha
  2415 | D:3      | Reached XP level 6. HP: 49/49 MP: 7/10
  2549 | D:3      | Found a faded altar of an unknown god.
  2553 | D:3      | Noticed Pargi
  2560 | D:3      | Killed Pargi
  2916 | D:3      | Found a basalt altar of Yredelemnul.
  3148 | D:3      | Reached skill level 5 in Air Magic
  3289 | D:3      | Found a hide-covered altar of Uskayaw.
  3298 | D:3      | Found a burning altar of Makhleb.
  3312 | D:3      | Noticed Natasha
  3318 | D:3      | Killed Natasha
  3336 | D:3      | Killed melvinkitnick's ghost
  3337 | D:3      | Reached XP level 7. HP: 29/55 MP: 3/12
  3438 | D:3      | Gained mutation: You have a pair of small horns on your
                  | head. [potion of mutation]
  3438 | D:3      | Gained mutation: Your spells are a little harder to cast,
                  | but a little more powerful. [potion of mutation]
  3438 | D:3      | Gained mutation: Your muscles are strong. (Str +4, Int/Dex
                  | -1) [potion of mutation]
  3438 | D:3      | Gained mutation: You have a somewhat thin skeletal
                  | structure. (Dex +2, Stealth+) [potion of mutation]
  3459 | D:4      | Found Paarhy's Assorted Antiques.
  3578 | D:4      | Bought 3 scrolls of identify for 168 gold pieces
  3608 | D:4      | Found Bauppimi's Magic Scroll Emporium.
  3685 | D:4      | Slain by a sleepcap

Illustrated notes

Levels and vault maps discovered:
D:1:      kennysheep_arrival_forest, layout_rooms
D:2:      layout_basic, nicolae_concentric_dashed_squares_wild
D:3:      layout_basic, mainiacjoe_overflow_swirl,
          nicolae_yredelemnul_corpse_copse,
          shapermc_ecumenical_altar_mp_ritualfount, gammafunk_ghost_split,
          uniq_natasha, uniq_pargi, uniq_sigmund
D:4:      layout_rooms, serial_shops, shop, minivault_25, amethyst_killhole,
          hangedman_glass_teeth, nicolae_stop_n_shop_1

Skill      XL: |  1  2  3  4  5  6 |
---------------+-------------------+-----
Spellcasting   | 3 |  3.9
Conjurations   | 3 4 |  4.3
Air Magic      | 4 5 |  5.7
Fighting       | |  0.1
Dodging        | |  1.6
Stealth        | |  3.7
Unarmed Combat | |  0.3

Action                     |  1- 3 |  4- 6 |  7- 9 || total
---------------------------+-------+-------+-------++-------
  Melee: Unarmed           |    18 |       |       ||    18
         Punch             |     2 |       |       ||     2
         Short sword       |    13 |       |       ||    13
   Cast: Shock             |    64 |    57 |    49 ||   170
         Static Discharge  |     5 |    17 |     7 ||    29
         Swiftness         |     1 |       |       ||     1
    Use: Scroll            |     7 |       |     3 ||    10
         Potion            |     2 |       |     1 ||     3
 Armour: Robe              |    35 |    30 |    18 ||    83
  Dodge: Dodged            |    14 |    11 |     9 ||    34

Table legend: (Time is in decaauts)
 A = Elapsed time spent in this place.
 B = Non-inter-level travel time spent in this place.
 C = Inter-level travel time spent in this place.
 D = Time resting spent in this place.
 E = Time spent auto-exploring this place.
 F = Levels seen in this place.
 G = Mean time per level.
                   A        B        C        D        E       F      G
               +--------+--------+--------+--------+--------+-----+--------+
         Total |   4461 |   4461 |      0 |    252 |   3503 |   4 | 1115.2 |
       Dungeon |   4461 |   4461 |      0 |    252 |   3503 |   4 | 1115.2 |
               +--------+--------+--------+--------+--------+-----+--------+

Top non-repeatable levels by time:
     D:3: 2068 daAuts
     D:2: 1109 daAuts
     D:1: 1014 daAuts
     D:4: 268 daAuts
